 Dungeon Crawl Stone Soup version 0.30.1-11-g7821555f0a (webtiles) character file.

Game seed: 16753143954226407234

3 Illumlnatl the Trooper (level 1, -1/20 HPs)
             Began as a Minotaur Berserker on Aug 23, 2023.
             Was a Follower of Trog.
             Engulfed by a cloud of poison gas (7 damage)
             ... on level 2 of the Dungeon on Dec 27, 2023.
             The game lasted 00:06:18 (320 turns).

Illumlnatl the Trooper (Minotaur Berserker)          Turns: 320, Time: 00:06:18

Health: -1/20      AC:  5    Str: 21    XL:     1   Next: 41%
Magic:  0/0        EV: 11    Int:  4    God:    Trog [*.....]
Gold:   61         SH:  0    Dex:  9    Spells: 0/0 levels left

rFire   . . .        a - +0 hand axe
rCold   . . .        (no shield)
rNeg    . . .        j - +0 ring mail
rPois   .            (helmet restricted)
rElec   .            (no cloak)
rCorr   .            (no gloves)
SInv    .            (no boots)
Will    .....        (no amulet) Stlth
                     (no ring)
HPRegen 0.23/turn    (no ring)
MPRegen 0.07/turn

%: no passive effects
@: lethally poisoned (-1 -> -20), weak-willed
A: horns 2, retaliatory headbutt
a: Renounce Religion, Berserk


You were on level 2 of the Dungeon.
You worshipped Trog.
Trog was aware of your devotion.
You visited 1 branch of the dungeon, and saw 2 of its levels.

You collected 61 gold pieces.

Inventory:

Hand Weapons
 a - a +0 hand axe (weapon)
 g - a +0 dagger
Missiles
 d - 19 stones (quivered)
Armour
 b - a +0 animal skin
 c - a +0 leather armour
 i - a +0 barding
 j - a +0 ring mail (worn)


   Skills:
 + Level 3.7 Fighting
 + Level 3.7 Axes
 + Level 2.4 Armour
 + Level 2.2 Dodging


You couldn't memorise any spells.
You didn't know any spells.
Your spell library was empty.

Dungeon Overview and Level Annotations

Branches:
Dungeon (2/15)

Altars:


Innate Abilities, Weirdness & Mutations

You have a pair of horns on your head.
You reflexively headbutt those who attack you in melee.


Message History

[Y]es or [N]o only, please.
Really walk into that cloud of poison gas?
Okay, then.
Okay, then.
Really walk into that cloud of poison gas? [Y]es or [N]o only, please.
Really walk into that cloud of poison gas?
Okay, then.
Unknown command.
Okay, then.
Unknown command.
Welcome back, Illumlnatl the Minotaur Berserker.
Trog says: Kill them all!
Press ? for a list of commands and other information.
Really walk into that cloud of poison gas? [Y]es or [N]o only, please.
Really walk into that cloud of poison gas? [Y]es or [N]o only, please.
Really walk into that cloud of poison gas?
Uppercase [Y]es or [N]o only, please.
Really walk into that cloud of poison gas?
Uppercase [Y]es or [N]o only, please.
Really walk into that cloud of poison gas?
Uppercase [Y]es or [N]o only, please.
Really walk into that cloud of poison gas?
Uppercase [Y]es or [N]o only, please.
Really walk into that cloud of poison gas?
Uppercase [Y]es or [N]o only, please.
Really walk into that cloud of poison gas? [Y]es or [N]o only, please.
Really walk into that cloud of poison gas?
Uppercase [Y]es or [N]o only, please.
Really walk into that cloud of poison gas? [Y]es or [N]o only, please.
Really walk into that cloud of poison gas?
Uppercase [Y]es or [N]o only, please.
Really walk into that cloud of poison gas?
You are engulfed in poison gas.
You are lethally poisoned!
You die...

######### #......§# ########
#.#####☼# #......# #.#####§#
#......####§##○§§§##############
#.........☼☼§§§§§§☼§§§☼......(..
#...........#§§○☼○○§§○☼......#
#..^....)...#§○@.☼§○☼§§......#
#...........#§§§○☼§§§§○......#
#......####.#§§§§§§○☼§§......#
#####..# #.#☼###§§§§§☼......#
#.## #.☼§...○§☼§§§......#
..#######.###§#§☼☼☼#######
...............+§§☼§...
#.......#.#.###.#....### #.....
#.#<# #.#....#


There were no monsters in sight!

Vanquished Creatures
  A goblin (D:2)
  A ball python (D:2)
  A kobold (D:1)
  A rat (D:1)
4 creatures vanquished.

Notes
Turn   | Place    | Note
-------+----------+-------------------------------------------
     0 | D:1      | Illumlnatl the Minotaur Berserker began the quest for the
                  | Orb.
     0 | D:1      | Reached XP level 1. HP: 19/19 MP: 0/0
   318 | D:2      | HP: 1/20 [poisoned by you (poison gas)]
   320 | D:2      | Upgraded the game from 0.30.1-4-g462c640d31 to
                  | 0.30.1-11-g7821555f0a
   320 | D:2      | Engulfed by a cloud of poison gas

Illustrated notes

Levels and vault maps discovered:
D:1:      lightli_arrival_farm, layout_basic, dk_noncrumbling_4
D:2:      minmay_chambers_of_twos, layout_basic, basic_altar

Action                     || total
---------------------------++-------
  Melee: Hand axe          ||     9
         Headbutt          ||     1
    Use: Scroll            ||     2
         Potion            ||     2
 Armour: Leather armour    ||     1
  Dodge: Dodged            ||     8
